 Dungeon Crawl Stone Soup version 0.26-a0-1026-g544776af23 (webtiles) character file.

Game seed: 16413888528073885857

399 sahdkjhfkaj the Conjurer (level 6, -5/32 HPs)
             Began as a Deep Elf Conjurer on Dec 9, 2020.
             Was a Follower of Kikubaaqudgha.
             Killed by nerve-wracking pain
             ... invoked by an orc priest
              (12 damage)
             ... on level 4 of the Dungeon.
             The game lasted 00:05:14 (4633 turns).

sahdkjhfkaj the Conjurer (Deep Elf Conjurer)        Turns: 4633, Time: 00:05:14

Health: -5/32      AC:  5    Str:  4    XL:     6   Next: 53%
Magic:  7/15       EV: 13    Int: 25    God:    Kikubaaqudgha [*.....]
Gold:   117        SH:  0    Dex: 13    Spells: 2/15 levels left

rFire    . . .     SeeInvis .   h - +2 dagger (freeze)
rCold    . . .     Faith    .   (no shield)
rNeg     . . .     Spirit   .   a - +0 robe
rPois    .         Reflect  .   (no helmet)
rElec    .         Harm     .   n - +2 cloak {Will+}
rCorr    .         Rampage  .   (no gloves)
Will     +....                  (no boots)
Stlth    ++........             (no amulet)
HPRegen  0.10/turn              (no ring)
MPRegen  0.14/turn              (no ring)

@: no status effects
A: no striking features
a: Receive Corpses, Renounce Religion


You were on level 4 of the Dungeon.
You worshipped Kikubaaqudgha.
Kikubaaqudgha was aware of your devotion.
You visited 1 branch of the dungeon, and saw 4 of its levels.

You collected 117 gold pieces.

Inventory:

Hand Weapons
 h - a +2 dagger of freezing (weapon)
Armour
 a - a +0 robe (worn)
 n - a +2 cloak of willpower (worn)
Jewellery
 f - an uncursed ring of fire
 o - an uncursed amulet of magic regeneration {unknown}
 r - the amulet of Amuteafi {Reflect rC++ Str+3 SH+5, unknown}
   (You found it on level 4 of the Dungeon)

   [amulet of reflection]

   It shields you and reflects attacks.
   It affects your strength (+3).
   It greatly protects you from cold.
   It affects your SH (+5).
Wands
 p - a wand of iceblast (8) {@v4}
Scrolls
 b - a scroll of immolation
 c - a scroll of random uselessness
 e - 2 scrolls of teleportation {@r3}
 q - a scroll of enchant weapon
Potions
 d - 2 potions of mutation
 g - 3 potions of attraction
 i - a potion of curing {unknown}
 j - a potion of magic {unknown}
 k - a potion of ambrosia {unknown}
 l - a potion of flight {unknown}
 m - a potion of lignification {unknown}


   Skills:
 - Level 2.4 Dodging
 - Level 2.4 Stealth
 + Level 5.2 Spellcasting
 + Level 5.6 Conjurations
 + Level 3.8 Hexes
 + Level 1.8 Necromancy
 + Level 3.3 Translocations


You had 2 spell levels left.
You knew the following spells:

 Your Spells              Type           Power        Failure   Level
a - Magic Dart            Conj           ####         1%          1
b - Searing Ray           Conj           #####.       1%          2
c - Fulminant Prism       Conj/Hex       ####......   11%         4
d - Corpse Rot            Necr/Air       N/A          9%          2
q - Iskenderun's Mystic   Conj/Tloc      ####....     13%         4

Your spell library contained the following spells:

 Spells                   Type           Power        Failure   Level
 Pain                     Necr           ###.         3%          1
 Sublimation of Blood     Necr           ###.......   6%          2
 Dazzling Flash           Conj/Hex       ####..       3%          3
 Vampiric Draining        Necr           ###.......   12%         3


Dungeon Overview and Level Annotations

Branches:
Dungeon (4/15)
 Temple: D:4-7

Altars:
Kikubaaqudgha
Qazlal
Ru
Yredelemnul


Message History

The orc priest is moderately wounded.
The magic dart hits the orc priest but does no damage.
The orc priest is moderately wounded.
The magic dart hits the orc priest but does no damage.
The orc priest is moderately wounded.
The orc priest mumbles some strange prayers to Beogh against you.
Beogh smites you!
* * * LOW HITPOINT WARNING * * *
Casting: Magic Dart (safe; 1% risk of failure)
Confirm with . or Enter, or press ? or * to list all spells.
Aiming: Searing Ray (safe; 1% risk of failure)
Press: ? - help, Shift-Dir - straight line, f/p - orc priest
Aim: an orc priest, wielding a +1 short sword of protection and wearing a +0 scale mail (lightly wounded, 17% to evade)
The searing ray hits the orc priest.
The orc priest is heavily wounded. (Press . to maintain the ray.)
The orc priest calls down the wrath of Beogh upon you.
Pain shoots through your body!
You die...
Kikubaaqudgha rasps: "You have failed me!
Welcome... death!"

..... ########.###.######.#
.......######.)))................
.....#........#############.....#
..... ######.## ##### .... #.#
.... #.# ##. #)### #####
#.).###...... #..).@.o.....
#............ #...§§...≈...
#..§§§..≈§§.. #..≈#≈###≈≈..
#.§§#≈≈ #≈.. #§≈§§≈§8 §..
.§§§#≈.>§ ..


You could see an orc priest.

Vanquished Creatures
  2 vampire bats (D:3)
  Crazy Yiuf (D:2)
  An iguana (D:4)
  3 orc wizards (D:4)
  A worker ant (D:4)
  3 adders
  2 oozes (D:2)
  2 worms (D:2)
  3 dart slugs
  3 leopard geckos
  7 orcs (D:4)
  3 bat skeletons (D:3)
  3 bat zombies (D:3)
  4 giant cockroaches (D:2)
  9 goblins
  7 hobgoblins
  11 jackals
  7 kobolds
  3 quokkas
  3 ball pythons
  7 bats
  13 frilled lizards
  11 rats
109 creatures vanquished.

Vanquished Creatures (others)
  A fulminant prism (D:2)
  3 fungi (D:2)
  8 plants (D:1)
12 creatures vanquished.

Grand Total: 121 creatures vanquished

Notes
Turn   | Place    | Note
-------+----------+-------------------------------------------
     0 | D:1      | sahdkjhfkaj the Deep Elf Conjurer began the quest for the
                  | Orb.
     0 | D:1      | Reached XP level 1. HP: 10/10 MP: 6/6
   250 | D:1      | Reached XP level 2. HP: 14/15 MP: 0/8
   264 | D:1      | Learned a level 2 spell: Searing Ray
   387 | D:1      | Reached skill level 1 in Hexes
   637 | D:1      | Reached skill level 1 in Translocations
   781 | D:1      | Reached XP level 3. HP: 4/19 MP: 0/10
  1320 | D:2      | Found a runed translucent door.
  1321 | D:2      | Noticed Crazy Yiuf
  1727 | D:2      | Reached XP level 4. HP: 24/24 MP: 8/11
  1791 | D:2      | Reached skill level 5 in Conjurations
  2134 | D:2      | Learned a level 4 spell: Fulminant Prism
  2139 | D:2      | Learned a level 4 spell: Iskenderun's Mystic Blast
  2300 | D:2      | Found a sacrificial altar of Ru.
  2318 | D:2      | Found a basalt altar of Yredelemnul.
  2501 | D:2      | Killed Crazy Yiuf
  2886 | D:3      | Reached XP level 5. HP: 28/28 MP: 9/13
  3012 | D:3      | Found an ancient bone altar of Kikubaaqudgha.
  3027 | D:3      | Became a worshipper of Kikubaaqudgha
  3879 | D:4      | Reached skill level 1 in Necromancy
  3938 | D:4      | Reached XP level 6. HP: 25/32 MP: 8/15
  4037 | D:4      | Reached skill level 5 in Spellcasting
  4310 | D:4      | Got a translucent silver amulet
  4332 | D:4      | Reached * piety under Kikubaaqudgha
  4332 | D:4      | Identified Kikubaaqudgha's Almanac of Evil (Kikubaaqudgha
                  | gifted it to you on level 4 of the Dungeon)
  4332 | D:4      | Received a gift from Kikubaaqudgha
  4467 | D:4      | Learned a level 2 spell: Corpse Rot
  4619 | D:4      | Found a stormy altar of Qazlal.
  4633 | D:4      | Killed from afar by an orc priest

Illustrated notes

Levels and vault maps discovered:
D:1:      matt_arrival_diagonals, layout_basic, corner_web_ring,
          minmay_lizard_king
D:2:      layout_loops_ring, amethyst_overflow_temple_binary,
          grunt_decor_arrowhead, uniq_crazy_yiuf_cottage
D:3:      layout_basic, kennysheep_vampire_church
D:4:      layout_loops_ring, nicolae_qazlal_general_emergency

Skill      XL: |  1  2  3  4  5  6 |
---------------+-------------------+-----
Hexes          | 1 2 3 |  3.8
Translocations | 1 2 3 |  3.3
Spellcasting   | 4 5 |  5.2
Conjurations   | 5 |  5.6
Necromancy     | 1 |  1.8
Dodging        | |  2.4
Stealth        | |  2.4

Action                   |  1- 3 |  4- 6 || total
-------------------------+-------+-------++-------
Melee: Unarmed           |     9 |       ||     9
       Dagger            |    13 |     2 ||    15
 Cast: Magic Dart        |    62 |   130 ||   192
       Searing Ray       |    11 |     6 ||    17
       Fulminant Prism   |       |     1 ||     1
  Use: Scroll            |     4 |     2 ||     6
Armor: Robe              |     3 |    26 ||    29
Dodge: Dodged            |    24 |    35 ||    59

Table legend: (Time is in decaauts)
 A = Elapsed time spent in this place.
 B = Non-inter-level travel time spent in this place.
 C = Inter-level travel time spent in this place.
 D = Time resting spent in this place.
 E = Time spent auto-exploring this place.
 F = Levels seen in this place.
 G = Mean time per level.
                   A        B        C        D        E       F      G
               +--------+--------+--------+--------+--------+-----+--------+
         Total |   4630 |   4553 |     77 |      0 |   3971 |   4 | 1157.5 |
       Dungeon |   4630 |   4553 |     77 |      0 |   3971 |   4 | 1157.5 |
               +--------+--------+--------+--------+--------+-----+--------+

Top non-repeatable levels by time:
     D:2: 1501 daAuts
     D:1: 1177 daAuts
     D:3: 1120 daAuts
     D:4: 830 daAuts
